 Dungeon Crawl Stone Soup version 0.28.0-53-g5a82cb258f (webtiles) character file.

Game seed: 11902468810854339424

236 buhh the Sneak (level 6, -1/44 HPs)
             Began as a Formicid Arcane Marksman on June 21, 2022.
             Slain by an orc
             ... wielding a +0 flail
              (8 damage)
             ... on level 4 of the Dungeon.
             The game lasted 00:06:14 (4187 turns).

buhh the Sneak (Formicid Arcane Marksman)           Turns: 4187, Time: 00:06:15

Health: -1/44      AC:  2    Str: 14    XL:     6   Next: 27%
Magic:  7/7        EV: 12    Int: 15    God:
Gold:   158        SH:  0    Dex: 11    Spells: 6/7 levels left

rFire   . . .      SeeInvis +   a - +0 hand crossbow
rCold   . . .      Faith    .   (no shield)
rNeg    . . .      Spirit   .   d - +0 robe
rPois   .          Reflect  .   (helmet unavailable)
rElec   .          Harm     .   (no cloak)
rCorr   .          Rampage  .   (no gloves)
Will    .....                   (no boots)
Stlth   +++.......              (no amulet)
HPRegen 0.14/turn               (no ring)
MPRegen 0.10/turn               (no ring)

@: brilliant
A: permanent stasis, dig shafts and tunnels, antennae 3, four strong arms
a: Dig, Shaft Self


You were on level 4 of the Dungeon.
You visited 1 branch of the dungeon, and saw 4 of its levels.

You collected 158 gold pieces.

Inventory:

Hand Weapons
 a - a +0 hand crossbow (weapon)
 b - a +0 dagger
Missiles
 c - 62 bolts (quivered ammo)
 k - 3 curare-tipped darts
 m - 7 poisoned darts
Armour
 d - a +0 robe (worn)
Scrolls
 e - a scroll of fear {unknown}
 h - a scroll of silence {unknown}
 i - 3 scrolls of identify {unknown}
 j - a scroll of immolation {unknown}
 n - a scroll of torment {unknown}
 o - a scroll of magic mapping {unknown}
Potions
 g - 3 potions of haste {unknown}
 l - a potion of curing {unknown}
 K - 3 potions of brilliance {!q!d}


   Skills:
 - Level 2.0 Fighting
 * Level 3.2 Slings
 - Level 2.4 Crossbows
 - Level 1.7 Dodging
 * Level 4.8 Stealth
 - Level 1.1 Spellcasting
 - Level 4.1 Hexes


You had 6 spell levels left.
You knew the following spells:

 Your Spells              Type           Power      Damage    Failure   Level
a - Slow                  Hex            80%        N/A       4%          1

Your spell library contained the following spells:

 Spells                   Type           Power      Damage    Failure   Level
 Ensorcelled Hibernation  Hex/Ice        20%        N/A       16%         2
 Inner Flame              Hex/Fire       10%        N/A       30%         3
 Portal Projectile        Hex/Tloc       20%        N/A       30%         3
 Passwall                 Tmut/Erth      0%         N/A       36%         2
 Cause Fear               Hex            10%        N/A       41%         4
 Swiftness                Air            Unusable   N/A       N/A         3

Dungeon Overview and Level Annotations

Branches:
Dungeon (4/15)
 Temple: D:4-7

Altars:

Shops:
D:2 *


Innate Abilities, Weirdness & Mutations

You cannot be hasted, slowed, berserked, paralysed or teleported.
You can dig through walls and to a lower floor.
You have a pair of large antennae on your head. (SInv)
Your four strong arms can wield two-handed weapons with a shield.


Message History

Things that are here:
2 bolts; a +0 club An orc comes into view.
It is wielding a +0 flail.
You open the door.
Okay, then.
It was a potion of brilliance.
You feel clever all of a sudden.
K - 3 potions of brilliance You shoot a bolt.
The bolt barely misses the orc.
The bolt hits the orc warrior but does no damage.
You shoot a bolt. The bolt hits the orc.
The orc is heavily wounded.
You shoot a bolt. The bolt closely misses the orc.
The bolt hits the orc warrior.
The orc warrior is lightly wounded.
Casting: Slow (safe; 4% risk of failure)
Confirm with . or Enter, or press ? or * to list all spells.
You don't know that spell.
Casting: Slow (safe; 4% risk of failure)
Confirm with . or Enter, or press ? or * to list all spells.
Okay, then.
You shoot a bolt. The bolt barely misses the orc.
The orc hits you with a +0 flail.
Fire: 64 bolts
Press: ? - help, Q - select action, (/) - cycle Shift-Dir - straight line, f - orc warrior, p - orc
Aim: an orc warrior, wielding a +0 glaive and wearing a +0 chain mail (lightly wounded, slow, 58% to hit)
You shoot a bolt.
The bolt hits the orc warrior but does no damage.
The orc warrior is lightly wounded.
The orc barely misses you. The orc hits you with a +0 flail.
Fire: 63 bolts
Press: ? - help, Q - select action, (/) - cycle Shift-Dir - straight line, f/p - orc warrior
Aim: an orc warrior, wielding a +0 glaive and wearing a +0 chain mail (lightly wounded, slow, 58% to hit)
You shoot a bolt. The bolt hits the orc warrior.
The orc warrior is moderately wounded.
The orc warrior is no longer moving slowly.
The orc warrior hits you from afar with a +0 glaive!
* * * LOW HITPOINT WARNING * * *
The orc hits you with a +0 flail!
You die...

##
#.#.#.#.#.#.#.#.#.#.#
#.#.#)#.#.#...#.#.#.##
#..)(#.####.######...
####.#.# #...# ###.
#(####....# #. #.#
#....# ## #o# ♣....♣
#.## ♣...♣♣ #@o# ♣♣.♣
####


You could see an orc warrior and an orc.

Vanquished Creatures
  A gnoll shaman (D:3)
  A hound skeleton (D:4)
  Robin (D:3)
  5 gnolls (D:3)
  5 adders
  An adder skeleton (D:4)
  A worm (D:3)
  2 dart slugs (D:2)
  9 orcs
  6 bats
  2 giant cockroaches (D:2)
  14 goblins
  3 hobgoblins
  4 jackals (D:3)
  8 kobolds
  2 quokkas
  4 ball pythons
  3 frilled lizards
  2 rats (D:3)
74 creatures vanquished.

Notes
Turn   | Place    | Note
-------+----------+-------------------------------------------
     0 | D:1      | buhh the Formicid Arcane Marksman began the quest for the
                  | Orb.
     0 | D:1      | Reached XP level 1. HP: 15/15 MP: 2/2
   415 | D:1      | Reached XP level 2. HP: 16/21 MP: 1/3
   557 | D:1      | Found a faded altar of an unknown god.
   989 | D:2      | Reached XP level 3. HP: 5/27 MP: 2/4
  1447 | D:2      | Found Hearocy's Assorted Antiques.
  1712 | D:2      | Reached XP level 4. HP: 33/33 MP: 5/5
  2082 | D:3      | Reached XP level 5. HP: 38/38 MP: 6/6
  3083 | D:3      | Noticed Robin
  3097 | D:3      | Killed Robin
  3098 | D:3      | Reached XP level 6. HP: 10/44 MP: 7/7
  3789 | D:4      | Noticed a black bear
  3919 | D:4      | Noticed an orc warrior
  4187 | D:4      | Slain by an orc

Illustrated notes

Levels and vault maps discovered:
D:1:      lightli_arrival_statuegarden, layout_loops_ring,
          basic_ecumenical_altar
D:2:      layout_basic, serial_shops, nicolae_diamond_shop
D:3:      layout_basic, uniq_robin
D:4:      layout_basic, mainiacjoe_overflow_surrounded_room,
          gammafunk_ghost_mausoleum, uniq_crazy_yiuf_cottage

Skill      XL: |  1  2  3  4  5  6 |
---------------+-------------------+-----
Stealth        | 1 2 3 4 |  4.8
Hexes          | 4 |  4.1
Fighting       | 2 |  2.0
Slings         | 1 2 3 |  3.2
Crossbows      | |  2.4
Dodging        | |  1.7
Spellcasting   | |  1.1

Action                   |  1- 3 |  4- 6 || total
-------------------------+-------+-------++-------
Melee: Dagger            |    50 |       ||    50
 Fire: Hand crossbow     |    36 |   159 ||   195
 Cast: Slow              |     6 |     2 ||     8
  Use: Potion            |       |     1 ||     1
Armor: Robe              |     5 |    15 ||    20
Dodge: Dodged            |    41 |    58 ||    99
